 Dungeon Crawl Stone Soup version 0.23.2-1-ga50397a (webtiles) character file.

Game seed: 13964892495739579888

92 Iscandelvey the Vexing (level 4, 7/33 HPs)
             Began as a Demonspawn Arcane Marksman on Apr 16, 2019.
             Quit the game on level 2 of the Dungeon.
             The game lasted 00:02:16 (1297 turns).

Iscandelvey the Vexing (Demonspawn Arcane Marksman) Turns: 1297, Time: 00:02:18

Health: 7/33       AC:  2    Str: 16    XL:     4   Next: 35%
Magic:  5/5        EV: 18    Int: 15    God:
Gold:   55         SH:  0    Dex: 18    Spells: 4/5 levels left

rFire    . . .     SeeInvis .   b - +0 hand crossbow
rCold    . . .     Gourm    .   (no shield)
rNeg     . . .     Faith    .   e - +0 robe
rPois    .         Spirit   .   (helmet restricted)
rElec    .         Reflect  .   (no cloak)
rCorr    .         Harm     .   (no gloves)
MR       .....                  (no boots)
Stlth    ++++......             (no amulet)
HPRegen  0.11/turn              (no ring)
MPRegen  0.09/turn              (no ring)

@: mighty, agile, mildly poisoned (7 -> 6)
A: horns 1, deterioration 1, nightstalker 1, inhibited regeneration, spiny 1
a: no special abilities


You were on level 2 of the Dungeon.
You were very hungry.

You visited 1 branch of the dungeon, and saw 2 of its levels.

You collected 55 gold pieces.

Inventory:

Hand Weapons
 b - a +0 hand crossbow (weapon)
Missiles
 d - 11 bolts (quivered)
Armour
 e - a +0 robe (worn)
Jewellery
 g - a +4 ring of intelligence {unknown}
Scrolls
 c - 3 scrolls of identify {unknown}
 h - a scroll of fog {unknown}
Comestibles
 f - 2 rations


   Skills:
 + Level 1.8 Fighting
 + Level 3.2 Crossbows
 + Level 2.2 Dodging
 + Level 0.1 Stealth
 + Level 0.2 Unarmed Combat
 + Level 1.0 Spellcasting
 + Level 3.3 Hexes


You had 4 spell levels left.
You knew the following spells:

 Your Spells              Type           Power        Failure   Level  Hunger
a - Corona                Hex            ##.....      6%          1    ##.....

Your spell library contained the following spells:

 Spells                   Type           Power        Failure   Level  Hunger
 Slow                     Hex            ##......     10%         2    ###....
 Inner Flame              Hex/Fire       #.......     36%         3    ####...
 Portal Projectile        Hex/Tloc       #.....       36%         3    ####...
 Cause Fear               Hex            ##........   52%         4    #####..
 Leda's Liquefaction      Hex/Erth       #.........   77%         4    #####..


Dungeon Overview and Level Annotations

Branches:
Dungeon (2/15)

Altars:


Innate Abilities, Weirdness & Mutations

You are slightly more attuned to the shadows.
You are partially covered in sharp spines.
You have a pair of small horns on your head.
Your body sometimes deteriorates upon taking damage.
You do not regenerate when monsters are visible.


Message History

Press: ? - help, Shift-Dir - straight line, f/p - gnoll
Aim: a gnoll, wielding a +0 halberd (almost dead)
You shoot a bolt. The bolt hits the gnoll.
You kill the gnoll!
The bat closely misses you.
Firing (i - inventory)
d - 13 bolts (quivered)
Press: ? - help, Shift-Dir - straight line, f - bat
Aim: a bat You shoot a bolt.
The bolt hits the bat but does no damage.
You feel sick. The bat hits you but does no damage.
Firing (i - inventory)
d - 12 bolts (quivered)
Press: ? - help, Shift-Dir - straight line, f/p - bat
Aim: a bat You shoot a bolt.
The bolt hits the bat.
You kill the bat!
Firing (i - inventory)
d - 11 bolts (quivered)
Press: ? - help, Shift-Dir - straight line, f - you
Okay, then.
Are you sure you want to abandon this character and quit the game? (Confirm with "yes".)

.########
(.(()(@.#
(######.#
#.# #.#
#.# #.#
#.# # #.#
#
#.######.#


There were no monsters in sight!

Vanquished Creatures
  A hound (D:2)
  3 gnolls (D:2)
  An adder (D:2)
  A leopard gecko (D:1)
  4 goblins (D:1)
  2 hobgoblins (D:1)
  2 kobolds (D:1)
  A quokka (D:2)
  A bat (D:2)
  9 frilled lizards (D:1)
  4 rats (D:1)
29 creatures vanquished.

Notes
Turn   | Place    | Note
-------+----------+-------------------------------------------
     0 | D:1      | Iscandelvey the Demonspawn Arcane Marksman began the quest
                  | for the Orb.
     0 | D:1      | Reached XP level 1. HP: 15/15 MP: 2/2
    83 | D:1      | Gained mutation: You are slightly more attuned to the
                  | shadows. [demonic ancestry]
    83 | D:1      | Reached XP level 2. HP: 7/21 MP: 3/3
  1117 | D:2      | Reached XP level 3. HP: 26/26 MP: 4/4
  1285 | D:2      | Gained mutation: You do not regenerate when monsters are
                  | visible. [potion of mutation]
  1285 | D:2      | Gained mutation: Your body sometimes deteriorates upon
                  | taking damage. [potion of mutation]
  1285 | D:2      | Gained mutation: You have a pair of small horns on your
                  | head. [potion of mutation]
  1289 | D:2      | Gained mutation: You are partially covered in sharp spines.
                  | [demonic ancestry]
  1289 | D:2      | Reached XP level 4. HP: 16/33 MP: 5/5
  1297 | D:2      | Quit the game

Skill      XL: |  1  2  3  4 |
---------------+-------------+-----
Crossbows      | 2 3 |  3.2
Dodging        | 2 |  2.2
Fighting       | |  1.8
Stealth        | |  0.1
Unarmed Combat | |  0.2
Spellcasting   | |  1.0
Hexes          | |  3.3

Action                   |  1- 3 |  4- 6 || total
-------------------------+-------+-------++-------
Melee: Unarmed           |    11 |       ||    11
 Fire: Hand crossbow     |    77 |     7 ||    84
  Use: Potion            |     3 |       ||     3
Armor: Robe              |     5 |     1 ||     6
Dodge: Dodged            |    47 |     6 ||    53
